[ AOE2 MATCH · #495813122 ]
UnrankedChinese vs Malians
Player's team · LOSS
Rival team · WIN
[ REPLAY ANALYSIS · EXTRACTED FROM THE RECORDED GAME ]
Feudal
8:20
Castle
21:21
Imperial
26:00
| APM avg | 52.8 |
| APM peak | 103 |
| eAPM avg | 29.9 |
| Villagers / military | 61 / 57 |
Focus
⚔️ 48.9% · 🌾 51.1%
Chu Ko Nu ×30 · Fire Lancer ×9 · Iron Pagoda ×5 · Scout Cavalry ×5 · Trebuchet (Packed) ×4 · Monk ×3
Feudal
11:20
Castle
14:56
Imperial
32:40
| APM avg | 53.3 |
| APM peak | 112 |
| eAPM avg | 37.4 |
| Villagers / military | 128 / 36 |
Focus
⚔️ 55.3% · 🌾 44.7%
Hand Cannoneer ×14 · Scout Cavalry ×7 · Mangonel ×5 · Knight ×4 · Bombard Cannon ×2 · Trebuchet (Packed) ×2
Match map
Initial resources + every placement click. Lines = walls · curves = elevation contours. ◆ gold · ⬟ stone · ● berries · ✦ relic · ◌ wall gap
Your base· ✓ Closed at 21:21 · 2t walls · 2 gate(s)
Emu Warrior's base· ✓ Closed at 14:56 · 16t walls · 3 gate(s)
Smoothed initial terrain · ◌ = detected wall gap · hover for details
Inputs per minute
— The Illusionist - - Emu Warrior
Build order — The Illusionist
First 150 of 195 actions detected
| 0:00 | Research | Loom |
| 0:40 | Create | Villager (Male) |
| 0:40 | Create | Villager (Male) |
| 1:06 | Create | Villager (Male) |
| 1:24 | Create | Villager (Male) |
| 1:56 | Create | Villager (Male) |
| 2:04 | Build | Lumber Camp |
| 2:09 | Create | Villager (Male) |
| 2:20 | Create | Villager (Male) |
| 2:57 | Create | Villager (Male) |
| 2:57 | Create | Villager (Male) |
| 3:08 | Build | House |
| 3:19 | Create | Villager (Male) |
| 3:41 | Create | Villager (Male) |
| 3:57 | Build | Mill |
| 4:22 | Create | Villager (Male) |
| 5:16 | Create | Villager (Male) |
| 5:45 | Create | Villager (Male) |
| 5:49 | Build | House |
| 6:08 | Research | Feudal Age |
| 6:31 | Build | House |
| 7:13 | Build | Mining Camp |
| 8:05 | Build | House |
| 8:08 | Build | House |
| 8:15 | Create | Villager (Male) |
| 8:20 | Age | Feudal Age |
| 8:22 | Create | Villager (Male) |
| 8:23 | Research | Double-Bit Axe |
| 8:27 | Build | Watch Tower |
| 9:09 | Create | Villager (Male) |
| 9:11 | Build | Blacksmith |
| 9:33 | Create | Villager (Male) |
| 9:42 | Create | Villager (Male) |
| 10:11 | Research | Fletching |
| 10:26 | Create | Villager (Male) |
| 10:34 | Build | Farm |
| 10:40 | Build | House |
| 10:47 | Build | Farm |
| 10:49 | Create | Villager (Male) |
| 11:13 | Create | Villager (Male) |
| 11:16 | Research | Horse Collar |
| 11:16 | Research | Horse Collar |
| 11:38 | Create | Villager (Male) |
| 11:47 | Create | Villager (Male) |
| 12:09 | Build | Farm |
| 12:28 | Create | Villager (Male) |
| 12:45 | Build | Farm |
| 12:46 | Build | Farm |
| 12:55 | Build | Outpost |
| 12:57 | Build | Outpost |
| 13:00 | Create | Villager (Male) |
| 13:04 | Build | Farm |
| 13:06 | Build | Farm |
| 13:10 | Build | Watch Tower |
| 13:17 | Research | Town Watch |
| 13:40 | Create | Villager (Male) |
| 13:42 | Build | Farm |
| 13:44 | Build | Farm |
| 13:49 | Build | House |
| 14:07 | Create | Villager (Male) |
| 14:13 | Build | Mining Camp |
| 14:28 | Create | Villager (Male) |
| 14:33 | Create | Villager (Male) |
| 14:45 | Build | Farm |
| 15:18 | Build | Watch Tower |
| 15:31 | Create | Villager (Male) |
| 15:36 | Build | House |
| 16:00 | Create | Villager (Male) |
| 16:03 | Build | Barracks |
| 16:17 | Build | Outpost |
| 16:25 | Create | Villager (Male) |
| 16:52 | Create | Villager (Male) |
| 17:03 | Build | Stable |
| 17:06 | Create | Spearman |
| 17:16 | Create | Villager (Male) |
| 17:32 | Create | Villager (Male) |
| 17:44 | Build | Market |
| 17:45 | Create | Villager (Male) |
| 18:31 | Build | Farm |
| 18:41 | Research | Castle Age |
| 18:45 | Build | Mining Camp |
| 18:57 | Build | Stone Wall |
| 19:11 | Build | Stone Wall |
| 19:16 | Create | Scout Cavalry |
| 19:39 | Build | Farm |
| 19:40 | Build | Farm |
| 19:56 | Build | Farm |
| 20:02 | Build | Farm |
| 20:30 | Build | House |
| 21:06 | Build | Outpost |
| 21:21 | Age | Castle Age |
| 21:31 | Build | Siege Workshop |
| 21:33 | Build | Monastery |
| 21:33 | Create | Villager (Male) |
| 21:41 | Create | Fire Lancer |
| 22:42 | Create | Iron Pagoda |
| 22:50 | Research | Imperial Age |
| 22:50 | Research | Imperial Age |
| 22:59 | Create | Monk |
| 22:59 | Create | Monk |
| 23:08 | Build | Outpost |
| 23:55 | Create | Villager (Male) |
| 24:05 | Create | Villager (Male) |
| 24:30 | Create | Villager (Male) |
| 24:45 | Build | Castle |
| 25:06 | Build | Castle |
| 25:10 | Create | Iron Pagoda |
| 25:30 | Create | Villager (Male) |
| 25:44 | Create | Fire Lancer |
| 25:51 | Create | Villager (Male) |
| 25:54 | Create | Scout Cavalry |
| 26:00 | Age | Imperial Age |
| 26:05 | Create | Scout Cavalry |
| 26:06 | Create | Iron Pagoda |
| 26:07 | Create | Villager (Male) |
| 26:12 | Build | Gate |
| 26:15 | Build | Gate |
| 26:18 | Create | Villager (Male) |
| 26:22 | Create | Scout Cavalry |
| 26:28 | Create | Villager (Male) |
| 26:31 | Create | Villager (Male) |
| 26:36 | Create | Scout Cavalry |
| 26:40 | Create | Iron Pagoda |
| 26:42 | Build | Stone Wall |
| 26:53 | Create | Fire Lancer |
| 26:53 | Create | Fire Lancer |
| 27:03 | Build | Stone Wall |
| 27:30 | Create | Villager (Male) |
| 27:30 | Create | Villager (Male) |
| 27:46 | Create | Villager (Male) |
| 27:57 | Research | Bodkin Arrow |
| 28:02 | Create | Iron Pagoda |
| 28:16 | Create | Monk |
| 28:21 | Create | Villager (Male) |
| 28:23 | Create | Fire Lancer |
| 28:35 | Build | House |
| 28:42 | Build | Gate |
| 28:45 | Build | Gate |
| 28:48 | Build | Gate |
| 28:53 | Create | Villager (Male) |
| 28:59 | Build | Stone Wall |
| 29:01 | Create | Villager (Male) |
| 29:05 | Create | Villager (Male) |
| 29:17 | Create | Villager (Male) |
| 29:18 | Create | Villager (Male) |
| 29:22 | Build | Castle |
| 29:35 | Build | Lumber Camp |
| 29:42 | Build | Lumber Camp |
| 29:44 | Create | Chu Ko Nu |
| 30:08 | Research | Bracer |
Build order — Emu Warrior
First 150 of 309 actions detected
| 0:00 | Create | Villager (Male) |
| 0:00 | Create | Villager (Male) |
| 0:01 | Create | Villager (Male) |
| 0:02 | Build | House |
| 0:03 | Build | House |
| 0:35 | Create | Villager (Male) |
| 0:35 | Create | Villager (Male) |
| 1:19 | Create | Villager (Male) |
| 1:52 | Build | Lumber Camp |
| 2:02 | Create | Villager (Male) |
| 2:02 | Create | Villager (Male) |
| 2:20 | Create | Villager (Male) |
| 2:20 | Create | Villager (Male) |
| 2:44 | Create | Villager (Male) |
| 2:44 | Create | Villager (Male) |
| 2:49 | Build | House |
| 3:19 | Build | House |
| 3:23 | Create | Villager (Male) |
| 3:24 | Create | Villager (Male) |
| 3:24 | Create | Villager (Male) |
| 3:52 | Create | Villager (Male) |
| 3:52 | Create | Villager (Male) |
| 4:07 | Build | Mill |
| 4:18 | Create | Villager (Male) |
| 4:18 | Create | Villager (Male) |
| 4:24 | Create | Villager (Male) |
| 4:42 | Create | Villager (Male) |
| 5:27 | Create | Villager (Male) |
| 5:42 | Create | Villager (Male) |
| 5:42 | Create | Villager (Male) |
| 5:42 | Create | Villager (Male) |
| 5:43 | Create | Villager (Male) |
| 6:02 | Build | House |
| 6:12 | Create | Villager (Male) |
| 6:23 | Build | Farm |
| 6:27 | Build | Farm |
| 6:34 | Create | Villager (Male) |
| 6:39 | Create | Villager (Male) |
| 6:43 | Build | Lumber Camp |
| 7:26 | Build | Farm |
| 8:42 | Research | Loom |
| 8:43 | Research | Feudal Age |
| 8:45 | Build | Mining Camp |
| 8:56 | Build | House |
| 10:15 | Create | Villager (Male) |
| 10:15 | Create | Villager (Male) |
| 11:20 | Age | Feudal Age |
| 11:22 | Build | Market |
| 11:26 | Build | Blacksmith |
| 11:32 | Build | House |
| 11:40 | Build | Stone Wall |
| 11:43 | Build | Stone Wall |
| 11:44 | Build | Stone Wall |
| 11:45 | Build | Stone Wall |
| 11:46 | Build | Stone Wall |
| 11:58 | Build | House |
| 12:00 | Build | Stone Wall |
| 12:03 | Build | Stone Wall |
| 12:04 | Build | Stone Wall |
| 12:04 | Build | Stone Wall |
| 12:05 | Build | Stone Wall |
| 12:16 | Research | Castle Age |
| 12:18 | Create | Villager (Male) |
| 13:11 | Research | Double-Bit Axe |
| 13:11 | Research | Double-Bit Axe |
| 13:36 | Build | Palisade Wall |
| 14:56 | Age | Castle Age |
| 15:03 | Build | Siege Workshop |
| 15:07 | Research | Bow Saw |
| 15:11 | Build | Town Center |
| 15:16 | Build | Palisade Wall |
| 15:22 | Create | Villager (Male) |
| 15:22 | Create | Villager (Male) |
| 15:31 | Build | Farm |
| 15:36 | Create | Mangonel |
| 15:43 | Build | Farm |
| 16:01 | Create | Villager (Male) |
| 16:01 | Create | Villager (Male) |
| 16:15 | Build | Palisade Wall |
| 16:16 | Build | Palisade Wall |
| 16:17 | Build | Palisade Wall |
| 16:18 | Build | Palisade Wall |
| 16:28 | Create | Mangonel |
| 16:28 | Create | Mangonel |
| 16:39 | Create | Villager (Male) |
| 16:41 | Build | House |
| 16:51 | Build | Farm |
| 16:54 | Create | Villager (Male) |
| 16:54 | Create | Villager (Male) |
| 17:45 | Create | Villager (Male) |
| 18:02 | Build | Farm |
| 18:03 | Create | Villager (Male) |
| 18:03 | Create | Villager (Male) |
| 18:26 | Build | Farm |
| 18:27 | Create | Villager (Male) |
| 18:31 | Build | Farm |
| 18:32 | Build | Farm |
| 18:36 | Build | Farm |
| 18:38 | Build | Farm |
| 18:51 | Build | Stone Wall |
| 18:53 | Create | Villager (Male) |
| 18:53 | Create | Villager (Male) |
| 19:20 | Create | Villager (Male) |
| 19:20 | Create | Villager (Male) |
| 19:32 | Build | Market |
| 19:50 | Create | Villager (Male) |
| 19:50 | Create | Villager (Male) |
| 20:03 | Create | Villager (Male) |
| 20:09 | Build | Outpost |
| 20:17 | Build | Farm |
| 20:18 | Build | Farm |
| 20:19 | Build | Farm |
| 20:20 | Build | Farm |
| 20:20 | Build | Farm |
| 20:27 | Create | Villager (Male) |
| 20:34 | Build | Barracks |
| 20:37 | Create | Villager (Male) |
| 20:42 | Build | Town Center |
| 20:50 | Create | Villager (Male) |
| 20:59 | Research | Horse Collar |
| 21:00 | Create | Villager (Male) |
| 21:00 | Create | Villager (Male) |
| 21:24 | Create | Villager (Male) |
| 21:29 | Research | Town Watch |
| 21:41 | Build | Outpost |
| 21:43 | Build | Outpost |
| 21:47 | Create | Villager (Male) |
| 21:47 | Create | Villager (Male) |
| 21:47 | Create | Villager (Male) |
| 21:52 | Build | House |
| 21:53 | Build | House |
| 21:53 | Build | House |
| 21:54 | Build | House |
| 21:55 | Create | Villager (Male) |
| 21:57 | Build | House |
| 21:57 | Build | House |
| 21:58 | Build | House |
| 22:00 | Create | Villager (Male) |
| 22:00 | Create | Villager (Male) |
| 22:00 | Create | Villager (Male) |
| 22:02 | Build | Farm |
| 22:02 | Build | Farm |
| 22:02 | Build | Farm |
| 22:05 | Build | Farm |
| 22:12 | Create | Villager (Male) |
| 22:12 | Create | Villager (Male) |
| 22:22 | Build | Farm |
| 22:32 | Create | Villager (Male) |
| 22:35 | Build | Farm |
| 22:40 | Create | Villager (Male) |
Match timeline
| 8:20 | The Illusionist · age_up feudal |
| 11:20 | Emu Warrior · age_up feudal |
| 11:40 | Emu Warrior · wall_segment Stone Wall x1 |
| 11:43 | Emu Warrior · wall_segment Stone Wall x1 |
| 11:44 | Emu Warrior · wall_segment Stone Wall x1 |
| 11:45 | Emu Warrior · wall_segment Stone Wall x1 |
| 11:46 | Emu Warrior · wall_segment Stone Wall x1 |
| 12:00 | Emu Warrior · wall_segment Stone Wall x1 |
| 12:03 | Emu Warrior · wall_segment Stone Wall x1 |
| 12:04 | Emu Warrior · wall_segment Stone Wall x1 |
| 12:04 | Emu Warrior · wall_segment Stone Wall x1 |
| 12:05 | Emu Warrior · wall_segment Stone Wall x1 |
| 12:15 | Emu Warrior · first_market_sell 100 wood |
| 12:16 | Emu Warrior · first_market_buy 100 food |
| 13:36 | Emu Warrior · wall_segment Palisade Wall x6 |
| 14:56 | Emu Warrior · age_up castle |
| 15:03 | Emu Warrior · first_building Siege Workshop |
| 15:16 | Emu Warrior · wall_segment Palisade Wall x1 |
| 16:03 | The Illusionist · first_building Barracks |
| 16:15 | Emu Warrior · wall_segment Palisade Wall x1 |
| 16:16 | Emu Warrior · wall_segment Palisade Wall x1 |
| 16:17 | Emu Warrior · wall_segment Palisade Wall x1 |
| 16:18 | Emu Warrior · wall_segment Palisade Wall x1 |
| 17:03 | The Illusionist · first_building Stable |
| 18:51 | Emu Warrior · wall_segment Stone Wall x1 |
| 18:57 | The Illusionist · wall_segment Stone Wall x1 |
| 19:11 | The Illusionist · wall_segment Stone Wall x1 |
| 20:34 | Emu Warrior · first_building Barracks |
| 21:21 | The Illusionist · age_up castle |
| 21:31 | The Illusionist · first_building Siege Workshop |
| 21:33 | The Illusionist · first_building Monastery |
| 22:45 | The Illusionist · first_market_sell 100 wood |
| 23:42 | Emu Warrior · first_building Stable |
| 24:45 | The Illusionist · first_building Castle |
| 26:00 | The Illusionist · age_up imperial |
| 26:42 | The Illusionist · wall_segment Stone Wall x1 |
| 27:03 | The Illusionist · wall_segment Stone Wall x1 |
| 28:59 | The Illusionist · wall_segment Stone Wall x1 |
| 29:10 | Emu Warrior · first_building Monastery |
| 29:16 | Emu Warrior · first_building Castle |
| 29:16 | The Illusionist · first_market_buy 100 stone |
| 30:51 | Emu Warrior · wall_segment Stone Wall x4 |
| 31:05 | Emu Warrior · first_building Archery Range |
| 32:40 | Emu Warrior · age_up imperial |
| 35:24 | The Illusionist · resign |
[ AI ANALYSIS · 1 CREDIT ]
What really happened in this match?
Wolo.gg analyzes every decision: build order, eco, micro, common mistakes by bracket. Personalized analysis on WhatsApp or Discord in 30 seconds.
Civ guide
Chinese
Perfil
The Illusionist